Match 45215181
Unlisted

Match 45215181
End
Construct Section Command Post
Vickers Machine Gun Team
ML 3-inch Mortar Team
Dingo Light Scout Car
Infantry Section
Infantry Section
Selects Indian Artillery Battlegroup
Selects Artillery Saturation
Construct Field Infirmary
Infantry Section
Construct Platoon Command Post
Selects Off-map Airburst Barrage
Unlock Bishop Self-propelled Artillery
Bishop Self-propelled Artillery
Vickers Machine Gun Team
Bishop Self-propelled Artillery
Selects Valour
Bishop Self-propelled Artillery
6-pounder Anti-tank Gun Team
Light Vehicle Training
6-pounder Anti-tank Gun Team
Selects Gurkha Rifles Section
Team Weapon Training
Construct Company Command Post
Off-map Airburst Barrage
Off-map Airburst Barrage
Unlock Towed 17-pounder Anti-tank Guns
老猫
LegionAir
GIBSON
LemonPoo♿
Para_Dilshan
izi
Ben
PROFL
0
0

Comments sign in to comment!

No comments posted yet!